 Dungeon Crawl Stone Soup version 0.23.2-1-ga50397a6bc (webtiles) character file.

Game seed: 17397133576367409674

18042 1994 the Tainter (level 12, -2/72 HPs)
             Began as a Tengu Venom Mage on May 29, 2019.
             Was a Priest of Vehumet.
             Killed from afar by an ice dragon (13 damage)
             ... with a blast of cold
             ... in an ice cave.
             The game lasted 01:24:10 (17607 turns).

1994 the Tainter (Tengu Venom Mage)                Turns: 17607, Time: 01:24:10

Health: -2/72      AC:  8    Str: 11    XL:     12   Next: 54%
Magic:  23/23      EV: 20    Int: 19    God:    Vehumet [***...]
Gold:   807        SH:  5    Dex: 16    Spells: 11/25 levels left

rFire    + . .     SeeInvis +   a - +3 trident "Nijied" {freeze, rElec rPois SInv Stlth+}
rCold    + . .     Gourm    .   d - +0 buckler
rNeg     . . .     Faith    .   X - +4 leather armour of the Alphagorgon {Dex+2}
rPois    +         Spirit   .   (helmet restricted)
rElec    +         Reflect  .   m - +0 cloak
rCorr    +         Harm     .   (no gloves)
MR       .....                  (boots unavailable)
Stlth    +++.......             q - amulet of regeneration
HPRegen  0.62/turn              (no ring)
MPRegen  0.18/turn              (no ring)

@: resistant, flying quickly and evasively, hasted, very quick
A: beak, talons 3, able to fly
a: Stop Flying, Renounce Religion


You were in an ice cave.
You worshipped Vehumet.
Vehumet was most pleased with you.
You were not hungry.

You visited 2 branches of the dungeon, and saw 14 of its levels.
You also visited: Ice Cave.

You collected 807 gold pieces.

Inventory:

Hand Weapons
 a - the +3 trident "Nijied" (weapon) {freeze, rElec rPois SInv Stlth+}
   (You found it on level 5 of the Dungeon)

   It has been specially enchanted to freeze those struck by it, causing extra
   injury to most foes and up to half again as much damage against particularly
   susceptible opponents.
   It can also slow down cold-blooded creatures.
   It insulates you from electricity.
   It protects you from poison.
   It lets you see invisible.
   It makes you more stealthy.
Missiles
 b - 331 stones (quivered)
 p - 13 javelins
 r - 67 sling bullets
 L - 2 throwing nets
Armour
 d - a +0 buckler (worn)
 m - a +0 cloak (worn)
 u - a +1 leather armour of magic resistance
 O - a +0 troll leather armour
 X - the +4 leather armour of the Alphagorgon (worn) {Dex+2}
   (You found it on level 11 of the Dungeon)

   It affects your dexterity (+2).
Jewellery
 q - an amulet of regeneration (around neck)
 R - an uncursed amulet of harm {unknown}
 S - a +2 amulet of reflection {unknown}
Wands
 l - a wand of disintegration (8)
 B - a wand of acid (8)
 D - a wand of iceblast (4)
 H - a wand of digging (1)
 M - a wand of random effects (33)
 Q - a wand of polymorph (11)
Scrolls
 e - 4 scrolls of amnesia
 k - 3 scrolls of fog
 n - a scroll of magic mapping
 o - 4 scrolls of remove curse
 t - 5 scrolls of teleportation
 v - a scroll of enchant weapon
 y - 3 scrolls of immolation
 C - a scroll of random uselessness {unknown}
 J - a scroll of blinking {unknown}
 K - a scroll of acquirement {unknown}
 N - a scroll of vulnerability {unknown}
 P - a scroll of fear {unknown}
 T - a scroll of silence {unknown}
Potions
 f - 2 potions of curing
 h - 2 potions of lignification
 i - 2 potions of haste
 j - 2 potions of berserk rage
 w - a potion of brilliance {unknown}
 x - a potion of agility {unknown}
 z - 2 potions of mutation
 E - 2 potions of might
 F - a potion of invisibility {unknown}
 G - 2 potions of magic
 I - 2 potions of cancellation
 W - 2 potions of ambrosia
Comestibles
 c - 25 rations


   Skills:
 * Level 7.6 Fighting
   Level 0.0 Maces & Flails
 + Level 9.4 Polearms
 + Level 8.1 Dodging
 - Level 2.0 Stealth
 - Level 4.0 Shields
 * Level 7.3 Spellcasting
 + Level 6.4 Conjurations
 - Level 7.1 Air Magic
 * Level 10.5 Poison Magic


You had 11 spell levels left.
You knew the following spells:

 Your Spells              Type           Power        Failure   Level  Hunger
a - Olgreb's Toxic Radia  Pois           #####...     1%          4    ###....
b - Poisonous Vapours     Pois/Air       #####.       1%          2    None
c - Mephitic Cloud        Conj/Pois/Air  #####...     1%          3    #......
d - Venom Bolt            Conj/Pois      #####.....   3%          5    #####..

Your spell library contained the following spells:

 Spells                   Type           Power        Failure   Level  Hunger
 Throw Icicle             Conj/Ice       ###.....     10%         4    ###....
 Sting                    Conj/Pois      ####         1%          1    None


Dungeon Overview and Level Annotations

Branches:
Dungeon (13/15)            Temple (1/1) D:7            Lair (0/6) D:9
    Orc (0/2) D:9
 Vaults: D:13-14

Altars:
Ashenzari
Cheibriados
Dithmenos
Elyvilon
Fedhas
Gozag
Hepliaklqana
Kikubaaqudgha
Makhleb
Nemelex Xobeh
Okawaru
Qazlal
Ru
Sif Muna
Trog
Uskayaw
Vehumet
Wu Jian
Xom
Yredelemnul
Zin
The Shining One

Shops:
D:6 *

Annotations:
D:4 Grinder
D:7 2 shapeshifter
D:8 3 runed translucent doors, Elkator's ghost, novice DrCj; Hocho's ghost, novice MiFi; P0WERM0DE's ghost, novice VSFi; gre3edy's ghost, novice DrWz; kikerikii's ghost, novice MiBe
D:13 Maurice


Innate Abilities, Weirdness & Mutations

You have a beak for a mouth.
You have claws for feet.
You can fly continuously.


Message History

* * * LOW HITPOINT WARNING * * *
The ice dragon bites you.
* * * LOW HITPOINT WARNING * * *
The ice dragon closely misses you. The ice dragon tramples you.
* * * LOW HITPOINT WARNING * * *
You are shoved backwards!
Unknown command.
Unknown command.
Unknown command.
Unknown command.
Unknown command.
Okay, then.
Unknown command.
You block the ice dragon's attack.
The ice dragon claws you but does no damage.
The ice dragon barely misses you. The ice dragon breathes frost at you.
The blast of cold hits the ice dragon!
The ice dragon resists.
The blast of cold hits you! You resist.
You die...

#..##.##
##.##
#...#..#
#.#.#
##.#...##
##.##
#..#####
#..#
#...##$#
##.##
#..##$$##
#..#
#.##$$$$#
#.##
#..#$$$$#
#..##
#.@..$$$#
#.#.#
##..DD$$#
##.##
#.....$#
#.##
#.....$#
##.#
##....$#
#..##
#..$"##
#...##
##$.=#
####.##
#.=.#
#...
##=##
##.#


You could see 2 ice dragons.

Vanquished Creatures
  Erolcha (D:12)
  A hydra (D:10)
  3 two-headed ogres
  Sonja (D:12)
  A manticore (D:11)
  2 ice statues (IceCv)
  2 rime drakes (IceCv)
  2 trolls
  A queen bee (D:10)
  A hornet (D:11)
  6 hippogriffs
  A wraith (D:10)
  Eustachio (D:5)
  4 yaks
  5 hungry ghosts
  4 water moccasins
  Duvessa (D:6)
  2 sky beasts
  6 orc warriors
  17 ice beasts
  2 phantoms (D:9)
  2 black bears
  2 necrophages
  10 centaurs
  2 crocodiles (D:9)
  11 ogres
  5 bullfrogs
  Dowan (D:6)
  4 scorpions
  32 killer bees (D:10)
  10 wights
  2 howler monkeys
  2 bullfrog zombies (D:6)
  4 crimson imps
  A centaur zombie (D:11)
  A bullfrog skeleton (D:5)
  2 centaur skeletons
  4 hounds
  6 orc priests
  4 jellies
  9 orc wizards
  3 iguanas
  Natasha (thrice) (D:3)
  7 worker ants
  A killer bee zombie (D:5)
  A hound skeleton (D:7)
  A worker ant zombie (D:7)
  Robin (D:3)
  3 gnolls
  12 adders
  8 shadow imps
  An ooze (D:7)
  An adder zombie (D:6)
  6 worms
  A dart slug (D:4)
  6 leopard geckos
  38 orcs
  4 ball pythons
  4 bats
  4 giant cockroaches
  7 goblins
  6 hobgoblins
  8 jackals
  7 kobolds
  3 quokkas
  A ball python skeleton (D:4)
  4 frilled lizards
  6 rats
  A spectral orc (D:4)
326 creatures vanquished.

Notes
Turn   | Place    | Note
-------+----------+-------------------------------------------
     0 | D:1      | 1994 the Tengu Venom Mage began the quest for the Orb.
     0 | D:1      | Reached XP level 1. HP: 10/10 MP: 4/4
   252 | D:1      | Reached XP level 2. HP: 16/16 MP: 0/6
   504 | D:1      | Learned a level 2 spell: Poisonous Vapours
  1098 | D:2      | Reached skill level 1 in Fighting
  1308 | D:2      | Reached XP level 3. HP: 8/20 MP: 0/7
  1852 | D:2      | Reached skill level 1 in Air Magic
  1929 | D:2      | Reached XP level 4. HP: 25/25 MP: 0/8
  2782 | D:3      | Noticed Robin
  2785 | D:3      | Killed Robin
  3288 | D:3      | Learned a level 3 spell: Mephitic Cloud
  3537 | D:3      | Noticed Natasha
  3541 | D:3      | Killed Natasha
  3541 | D:3      | Gained mutation: You can fly continuously. [Tengu growth]
  3541 | D:3      | Reached XP level 5. HP: 30/30 MP: 2/9
  3681 | D:3      | Noticed Natasha
  3687 | D:3      | Killed Natasha
  4480 | D:3      | Noticed Natasha
  4484 | D:3      | Killed Natasha
  4688 | D:4      | Noticed an ogre
  4695 | D:4      | Killed an ogre
  4695 | D:4      | Reached skill level 4 in Poison Magic
  4695 | D:4      | Reached XP level 6. HP: 36/36 MP: 3/11
  5582 | D:4      | Reached XP level 7. HP: 41/41 MP: 1/12
  5583 | D:4      | Noticed Grinder
  5980 | D:4      | Found a glowing silver altar of Zin.
  6108 | D:4      | Found a basalt altar of Yredelemnul.
  6237 | D:5      | Entered Level 5 of the Dungeon
  6542 | D:5      | Got a dazzling trident
  6545 | D:5      | Identified the +3 trident "Nijied" {freeze, rElec rPois
                  | SInv Stlth+} (You found it on level 5 of the Dungeon)
  6573 | D:5      | Reached skill level 5 in Poison Magic
  6758 | D:5      | Learned a level 4 spell: Olgreb's Toxic Radiance
  6816 | D:5      | Found an iron altar of Okawaru.
  6827 | D:5      | Noticed Eustachio
  6837 | D:5      | Killed Eustachio
  6945 | D:5      | Found a shimmering altar of Xom.
  7134 | D:5      | Found a sparkling altar of Nemelex Xobeh.
  7143 | D:5      | Found a shadowy altar of Dithmenos.
  7143 | D:5      | Found a glowing golden altar of the Shining One.
  7146 | D:5      | Found a hazy altar of Hepliaklqana.
  7172 | D:5      | Reached XP level 8. HP: 48/48 MP: 5/14
  7348 | D:6      | Reached skill level 1 in Polearms
  7569 | D:6      | Noticed Duvessa
  7590 | D:6      | Killed Duvessa
  7695 | D:6      | Found Vaeclov's General Store.
  7883 | D:6      | Reached skill level 6 in Poison Magic
  7994 | D:6      | Reached skill level 1 in Shields
  8151 | D:6      | Noticed Dowan
  8157 | D:6      | Killed Dowan
  8647 | D:7      | Found a shimmering altar of Xom.
  8648 | D:7      | Found a shimmering altar of Xom.
  8648 | D:7      | Found a shimmering altar of Xom.
  8649 | D:7      | Found a shimmering altar of Xom.
  8649 | D:7      | Found a shimmering altar of Xom.
  8649 | D:7      | Found a shimmering altar of Xom.
  8661 | D:7      | Reached XP level 9. HP: 48/52 MP: 3/16
  8807 | D:7      | Found a shimmering altar of Xom.
  8807 | D:7      | Found a shimmering altar of Xom.
  8807 | D:7      | Found a shimmering altar of Xom.
  8932 | D:7      | Reached skill level 5 in Dodging
  8932 | D:7      | Reached skill level 5 in Air Magic
  9110 | D:7      | Noticed a troll
  9110 | D:7      | a raiju changed into a troll
  9111 | D:7      | Noticed a yaktaur
  9111 | D:7      | a troll changed into a yaktaur
  9400 | D:7      | Reached skill level 5 in Fighting
  9464 | D:7      | Noticed a fire crab
  9472 | D:7      | Reached skill level 7 in Poison Magic
  9791 | D:7      | Found a staircase to the Ecumenical Temple.
  9801 | D:7      | Reached skill level 5 in Polearms
  9821 | Temple   | Entered the Ecumenical Temple
  9930 | Temple   | Became a worshipper of Vehumet
  9975 | D:7      | Found a burning altar of Makhleb.
 10199 | D:7      | Noticed a cyclops
 10199 | D:7      | Noticed a death yak
 10217 | D:7      | Noticed a water nymph
 10217 | D:7      | a cyclops changed into a water nymph
 10295 | D:7      | Found a sacrificial altar of Ru.
 10443 | D:7      | Noticed a shadow dragon
 10443 | D:7      | Noticed a merfolk
 10572 | D:8      | Reached XP level 10. HP: 34/59 MP: 18/18
 10884 | D:8      | Got a steaming long sword
 10885 | D:8      | Identified the +10 long sword of Karma {slice, *Drain rPois
                  | MR++} (You found it on level 8 of the Dungeon)
 10941 | D:8      | Found an opulent altar of Gozag.
 10959 | D:8      | Reached skill level 5 in Spellcasting
 11091 | D:8      | Found a blossoming altar of Fedhas.
 11562 | D:8      | Found a runed translucent gate.
 11562 | D:8      | Found a runed translucent gate.
 11562 | D:8      | Found a runed translucent gate.
 11562 | D:8      | Noticed kikerikii's ghost (novice MiBe)
 11563 | D:8      | Noticed gre3edy's ghost (novice DrWz)
 11563 | D:8      | Noticed Elkator's ghost (novice DrCj)
 11563 | D:8      | Noticed Hocho's ghost (novice MiFi)
 11563 | D:8      | Noticed P0WERM0DE's ghost (novice VSFi)
 11677 | D:9      | Reached skill level 8 in Poison Magic
 11758 | D:9      | Found an ancient bone altar of Kikubaaqudgha.
 12086 | D:9      | Found a staircase to the Orcish Mines.
 12281 | D:9      | Found a staircase to the Lair.
 12308 | D:9      | Reached * piety under Vehumet
 12308 | D:9      | Offered knowledge of Freeze by Vehumet.
 12994 | D:9      | Found a deep blue altar of Sif Muna.
 13268 | D:10     | Entered Level 10 of the Dungeon
 13301 | D:10     | Reached XP level 11. HP: 45/64 MP: 6/20
 13303 | D:10     | Reached skill level 9 in Poison Magic
 13409 | D:10     | Got an ichor-stained quarterstaff
 13548 | D:10     | Noticed a two-headed ogre
 13593 | D:10     | Reached ** piety under Vehumet
 13593 | D:10     | Offered knowledge of Shock by Vehumet.
 13752 | D:10     | Killed a two-headed ogre
 14387 | D:10     | Reached skill level 5 in Conjurations
 14444 | D:10     | Offered knowledge of Dazzling Spray by Vehumet.
 14505 | D:10     | Learned a level 5 spell: Venom Bolt
 14551 | D:11     | Noticed a two-headed ogre
 14561 | D:11     | Killed a two-headed ogre
 14588 | D:11     | Noticed a manticore
 14612 | D:11     | Killed a manticore
 14750 | D:11     | Found a burning altar of Makhleb.
 14756 | D:11     | Got a steaming leather armour
 14770 | D:11     | Identified the +4 leather armour of the Alphagorgon {Dex+2}
                  | (You found it on level 11 of the Dungeon)
 14995 | D:11     | Reached *** piety under Vehumet
 15102 | D:11     | Noticed a four-headed hydra
 15102 | D:11     | Noticed a two-headed ogre
 15332 | D:10     | Killed a four-headed hydra
 15332 | D:10     | Reached skill level 10 in Poison Magic
 15332 | D:10     | Reached XP level 12. HP: 13/72 MP: 22/22
 15459 | D:11     | Killed a two-headed ogre
 15628 | D:11     | You are sucked into a shaft for 2 floors!
 15663 | D:13     | Noticed Maurice
 15671 | D:12     | Noticed Erolcha
 15681 | D:12     | Killed Erolcha
 15845 | D:12     | Found a frozen archway.
 15853 | D:12     | Noticed Sonja
 15868 | D:12     | Killed Sonja
 15935 | IceCv    | Entered an ice cave
 15950 | IceCv    | Offered knowledge of Throw Icicle by Vehumet.
 17579 | IceCv    | Noticed an ice dragon
 17580 | IceCv    | Noticed an ice dragon
 17607 | IceCv    | Killed from afar by an ice dragon

Skill      XL: |  1  2  3  4  5  6  7  8  9 10 11 12 |
---------------+-------------------------------------+-----
Fighting       | 1 2 3 4 5 6 7 |  7.6
Conjurations   | 2 3 5 6 |  6.4
Air Magic      | 1 2 3 4 5 6 7 |  7.1
Dodging        | 3 4 5 6 7 8 |  8.1
Poison Magic   | 4 5 6 7 8 10 | 10.5
Spellcasting   | 3 4 5 6 7 |  7.3
Polearms       | 3 5 7 9 |  9.4
Shields        | 1 4 |  4.0
Stealth        | |  2.0

Action                   |  1- 3 |  4- 6 |  7- 9 | 10-12 || total
-------------------------+-------+-------+-------+-------++-------
Melee: Dagger            |       |     9 |       |       ||     9
       Kick              |       |     4 |    30 |   155 ||   189
       Whip              |       |     1 |    18 |       ||    19
       Trident           |       |       |   163 |   659 ||   822
       Peck              |       |       |    16 |   106 ||   122
Throw: Stone             |       |       |    12 |     7 ||    19
       Javelin           |       |       |       |    10 ||    10
 Cast: Sting             |    22 |     7 |       |       ||    29
       Poisonous Vapours |    26 |    74 |   146 |   174 ||   420
       Mephitic Cloud    |       |       |     1 |     4 ||     5
       Olgreb's Toxic Ra |       |       |       |    10 ||    10
       Venom Bolt        |       |       |       |     4 ||     4
 Abil: Fly               |       |     1 |       |       ||     1
Evoke: Wand              |       |       |       |    11 ||    11
  Use: Scroll            |       |       |    13 |     7 ||    20
       Potion            |       |       |       |     4 ||     4
 Stab: Sleeping          |       |       |     3 |     1 ||     4
       Confused          |       |       |       |     2 ||     2
       Distracted        |       |       |       |     1 ||     1
  Eat: Chunk             |     5 |    12 |    15 |    25 ||    57
       Ration            |       |     1 |     1 |     3 ||     5
Armor: Robe              |     2 |     9 |     4 |       ||    15
       Leather armour    |       |       |    30 |   103 ||   133
Dodge: Dodged            |     3 |    23 |   160 |   369 ||   555
Block: Buckler           |       |       |    19 |   128 ||   147
